 Dungeon Crawl Stone Soup version 0.20-a0-640-g62ed22f (console) character file.

50470 nht the Severer (level 14, -1/110 HPs)
             Began as a Barachian Berserker on Feb 12, 2017.
             Was the Champion of Trog.
             Succumbed to an orange demon's poison
             ... on level 6 of the Lair of Beasts.
             The game lasted 00:36:40 (18088 turns).

nht the Severer (Barachian Berserker)              Turns: 18088, Time: 00:36:40

Health: -1/110     AC: 24    Str: 20    XL:     14   Next: 55%
Magic:  4/4        EV:  8    Int:  6    God:    Trog [******]
Gold:   1536       SH:  0    Dex: 10    Spells: 13/13 levels left

rFire    + . .     SeeInvis +   a - +5 executioner's axe (antimagic)
rCold    . . .     Gourm    .   E - +6 chain mail of Repulsion {rN+++}
rNeg     + + +     Faith    .   (shield currently unavailable)
rPois    .         Spirit   .   w - +1 helmet
rElec    .         Reflect  .   G - +2 cloak
rCorr    .         Harm     .   (no gloves)
MR       +....                  t - +0 pair of boots
Stlth    ..........             (no amulet)
Regen    0.3/turn               r - ring of protection from fire
MPRegen  0.1/turn               R - ring of see invisible

@: lethally poisoned (-1 -> -17), exhausted, can't hop, slowed, very slow
A: swims, slowness 1, strong legs 2
a: Hop, Berserk, Trog's Hand, Brothers in Arms, Burn Spellbooks, Renounce
Religion


You were on level 6 of the Lair of Beasts.
You worshipped Trog.
Trog was exalted by your worship.
You were hungry.

You visited 2 branches of the dungeon, and saw 18 of its levels.
You also visited: Ossuary and Ice Cave.

You collected 1743 gold pieces.
You spent 207 gold pieces at shops.

Inventory:

Hand Weapons
 a - a +5 antimagic executioner's axe (weapon)
 b - the +11 hunting sling of Slime {venom, Str+2 Stlth+}
   (You found it on level 4 of the Dungeon)

   It poisons the ammo it fires.
   It affects your strength (+2).
   It makes you more stealthy.
Missiles
 e - 9 javelins
 p - 10 curare-tipped needles
 q - 67 poisoned needles
 s - 18 tomahawks (quivered)
 v - 6 javelins of returning
 x - 179 sling bullets
 D - 152 stones
 T - 4 throwing nets
Armour
 t - a +0 pair of boots (worn)
 w - a +1 helmet (worn)
 E - the +6 chain mail of Repulsion (worn) {rN+++}
   (You found it on level 3 of the Lair of Beasts)

   It renders you almost immune to negative energy.
 G - a +2 cloak (worn)
Jewellery
 g - an uncursed ring of teleportation
 r - a ring of protection from fire (right hand)
 R - a ring of see invisible (left hand)
 U - an uncursed ring of protection from fire
Wands
 k - a wand of iceblast (2/15)
 S - a wand of scattershot (0/9)
 W - a wand of disintegration (7/24)
 Y - a wand of iceblast (5/15)
Scrolls
 h - 4 scrolls of magic mapping
 i - 6 scrolls of identify
 l - 4 scrolls of enchant armour
 m - 2 scrolls of recharging
 A - 3 scrolls of teleportation
 H - 4 scrolls of blinking
 I - 7 scrolls of fog
 J - a scroll of fear
 K - a scroll of holy word
 L - 3 scrolls of remove curse
Potions
 f - 3 potions of heal wounds
 j - 4 potions of flight
 n - 6 potions of curing
 o - a potion of agility
 u - 2 potions of mutation
 B - a potion of ambrosia
 C - a potion of berserk rage
 M - 3 potions of haste
 N - 3 potions of lignification
 P - a potion of might
 V - 2 potions of cancellation
 Z - a potion of invisibility
Miscellaneous
 O - a box of beasts
Comestibles
 c - 6 bread rations
 d - 11 meat rations
 y - 10 fruits
 F - 14 royal jellies


   Skills:
 + Level 10.1 Fighting
 * Level 16.9 Axes
 - Level 12.0 Slings
 + Level 9.7 Armour
 - Level 2.0 Dodging


You had 13 spell levels left.
You didn't know any spells.

Dungeon Overview and Level Annotations

Branches:
Dungeon (12/15)            Temple (0/1) D:7            Lair (6/6) D:8
  Swamp (0/4) Lair:3       Spider (0/4) Lair:2        Slime (0/5) Lair:5
    Orc: D:9-12

Altars:
Makhleb
Vehumet

Shops:
D:5 =(%   D:9 *   D:11 ?**

Annotations:
D:12 Nico3ck's ghost, journeyman MiBe; TuxedoFelix's ghost, journeyman MiBe


Innate Abilities, Weirdness & Mutations

You can swim through water.
You cover ground slowly.
You can hop longer distances.


Message History

You barely miss the hell hound. You slice the orange demon!!
You kill the orange demon!
Trog accepts your kill.
* * * LOW HITPOINT WARNING * * *
You feel very sick. The hell hound breathes flames at you.
The blast of flame hits you! You resist.
* * * LOW HITPOINT WARNING * * *
The hell beast bites you.
* * * LOW HITPOINT WARNING * * *
The hell beast tramples you.
* * * LOW HITPOINT WARNING * * *
You stumble backwards!
The hell beast barely misses you.
The hell beast tramples you but does no damage.
The hell hound pauses to sniff the ground.
The hell beast barely misses you. x2
Hop to where?
Press: ? - help, Dir - move target cursor Boing!
You die... ♣♣♣..♣♣♣♣♣...♣♣ ♣♣♣÷.. ♣♣♣.?♣♣♣ ♣♣...♣♣♣♣ ♣♣♣♣..♣.♣ ♣....♣ ♣♣♣....♣♣♣...♣♣♣.. ♣....♣ ♣♣♣...†...♣♣ ♣♣. █████''██████

♣♣♣P♣♣.♣♣ ♣♣
............█████████'♣♣♣♣♣
*♣ ...8....8...█..).....█♣
*♣. ............'...8.8..█
♣.. █████████████..8@█...█
*♣.♣ ≈≈≈≈,.......█...8.█..█
*♣..*
≈≈,,,§...((h█§.█.8...█
♣..,*
≈∩,,,.._...h2...█.8..█
♣.,,,
≈≈≈,,.......█..8.8...█
**,,,
≈≈≈≈≈≈≈§§§..█........█ ****
≈≈≈≈≈§≈§≈█████████████
≈≈≈≈≈§§§≈≈≈≈≈≈≈*
*****██*********


You could see a hell beast and a hell hound.

Vanquished Creatures
  A fire dragon (Lair:3)
  Harold (D:11)
  2 ice dragons (IceCv)
  7 hydras
  A two-headed ogre (D:9)
  The ghost of nht the Cleaver, a journeyman BaHu of Okawaru (D:10)
  Urug (Lair:3)
  Sonja (Lair:4)
  A wizard (Lair:6)
  2 oklob plants (Lair:5)
  The ghost of nht the Cleaver, a novice BaBe of Trog (D:5)
  An ugly thing (D:8)
  A salamander (Lair:3)
  2 ice statues (IceCv)
  7 black mambas
  4 elephants
  A torpor snail (Lair:4)
  14 spiny frogs
  Joseph (D:8)
  3 orange demons (Lair:6)
  A gargoyle (D:10)
  5 komodo dragons
  4 rime drakes
  A smoke demon (Lair:6)
  5 ice devils (Lair:6)
  12 blink frogs
  2 slime creatures (Lair:5)
  A tyrant leech (Lair:3)
  7 hippogriffs
  43 yaks
  2 wyverns
  A fire elemental (Lair:3)
  A vampire (D:11)
  3 basilisks
  A steam dragon (D:11)
  A swamp worm (Lair:3)
  14 porcupines
  2 hell hounds (Lair:6)
  14 water moccasins
  5 orc warriors
  18 ice beasts
  3 sky beasts
  5 phantoms
  A black bear (D:6)
  A necrophage (D:11)
  A centaur (D:7)
  3 ogres
  13 wolves
  13 crocodiles
  A big kobold (D:7)
  3 gnoll sergeants (D:9)
  17 bullfrogs
  A water moccasin zombie (Ossuary)
  A wyvern skeleton (D:9)
  4 scorpions
  12 killer bees
  5 wights
  2 howler monkeys
  3 crimson imps
  2 quasits
  5 hounds
  A gnoll shaman (D:7)
  2 centaur skeletons
  2 orc priests
  10 jellies
  12 orc wizards
  2 bullfrog skeletons
  3 iguanas
  4 worker ants
  5 big kobold zombies (Ossuary)
  A hound skeleton (D:6)
  2 mummies (Ossuary)
  A worker ant zombie (D:7)
  16 gnolls
  13 adders
  2 shadow imps
  5 oozes (D:8)
  2 adder zombies
  3 adder skeletons
  2 worms
  3 dart slugs
  12 leopard geckos
  40 orcs
  3 ball pythons
  9 bats
  7 giant cockroaches
  3 gnoll zombies (Ossuary)
  12 goblins
  11 hobgoblins
  8 jackals
  8 quokkas
  7 frilled lizards
  5 hobgoblin zombies (Ossuary)
  A jackal zombie (D:8)
  14 kobolds
  6 kobold zombies (Ossuary)
  6 orc zombies (Ossuary)
  9 rats
  A fire vortex (Lair:3)
545 creatures vanquished.

Vanquished Creatures (others)
  6 fungi
  A plant (Lair:6)
7 creatures vanquished.

Grand Total: 552 creatures vanquished

Notes
Turn   | Place    | Note
-------+----------+-------------------------------------------
     0 | D:1      | nht the Barachian Berserker began the quest for the Orb.
     0 | D:1      | Reached XP level 1. HP: 18/18 MP: 1/1
   246 | D:1      | Reached XP level 2. HP: 23/24 MP: 2/2
   573 | D:1      | Reached skill level 4 in Axes
   751 | D:1      | Reached XP level 3. HP: 24/29 MP: 3/3
  1024 | D:2      | Reached ** piety under Trog
  1211 | D:2      | Reached XP level 4. HP: 24/35 MP: 4/4
  1511 | D:3      | Reached skill level 5 in Axes
  2185 | D:3      | Reached XP level 5. HP: 30/41 MP: 5/5
  2700 | D:4      | Reached *** piety under Trog
  3159 | D:4      | Reached skill level 6 in Axes
  3385 | D:4      | Reached XP level 6. HP: 46/47 MP: 6/6
  3637 | D:4      | Reached skill level 7 in Axes
  3646 | D:4      | Got a steaming hunting sling
  3647 | D:4      | Identified the +11 hunting sling of Slime {venom, Str+2 Stlth+} (You found it on level 4 of the Dungeon)
  3969 | D:4      | Reached skill level 1 in Slings
  3983 | D:4      | Noticed a phantom
  3991 | D:4      | Killed a phantom
  4018 | D:4      | Reached XP level 7. HP: 40/52 MP: 7/7
  4142 | D:5      | Entered Level 5 of the Dungeon
  4188 | D:5      | Noticed nht's ghost (novice BaBe)
  4195 | D:5      | Killed nht's ghost
  4195 | D:5      | Reached skill level 5 in Slings
  4195 | D:5      | Reached XP level 8. HP: 58/58 MP: 8/8
  4202 | D:5      | Found Ceufieba's Food Emporium.
  4579 | D:5      | Found Qaal's Antique Weapon Shoppe.
  4721 | D:5      | Found Ofaul's Jewellery Shop.
  5475 | D:6      | Reached **** piety under Trog
  5507 | D:6      | Got a pearl-encrusted chain mail
  5838 | D:6      | Reached XP level 9. HP: 64/64 MP: 9/9
  6677 | D:7      | Found a staircase to the Ecumenical Temple.
  7087 | D:7      | Reached skill level 10 in Slings
  7294 | D:7      | Reached ***** piety under Trog
  7311 | D:7      | Found a radiant altar of Vehumet.
  7370 | D:7      | Received a gift from Trog
  7608 | D:8      | Found a staircase to the Lair.
  7615 | D:8      | Noticed Joseph
  7624 | D:8      | Killed Joseph
  7624 | D:8      | Reached XP level 10. HP: 41/70 MP: 10/10
  7667 | D:8      | Found a sand-covered staircase.
  7683 | Ossuary  | Entered an ossuary
  7794 | Ossuary  | Received a gift from Trog
  7925 | D:8      | Identified the cursed +0 chain mail of Relativism {rElec Regen+ Str-4 Stlth+} (You found it on level 6 of the Dungeon)
  8015 | D:8      | Noticed a green ugly thing
  8050 | D:8      | Killed a green ugly thing
  8196 | D:8      | Received a gift from Trog
  8588 | D:9      | Found Moqod's General Store.
  8598 | D:9      | Bought a scroll of identify for 26 gold pieces
  8598 | D:9      | Bought 3 scrolls of fog for 78 gold pieces
  8598 | D:9      | Bought a scroll of identify for 26 gold pieces
  8598 | D:9      | Bought a scroll of immolation for 45 gold pieces
  8623 | D:9      | Noticed a two-headed ogre
  8638 | D:9      | Killed a two-headed ogre
  8638 | D:9      | Reached skill level 8 in Axes
  8652 | D:9      | Received a gift from Trog
  8750 | D:9      | Reached skill level 9 in Axes
  9091 | D:10     | Entered Level 10 of the Dungeon
  9188 | D:10     | Noticed a gargoyle
  9197 | D:10     | Killed a gargoyle
  9248 | D:10     | Reached XP level 11. HP: 75/75 MP: 11/11
  9269 | D:10     | Noticed nht's ghost (journeyman BaHu)
  9283 | D:10     | Killed nht's ghost
  9283 | D:10     | Reached skill level 10 in Axes
  9287 | D:10     | Received a gift from Trog
  9557 | D:10     | Received a gift from Trog
  9897 | D:11     | Found Ydoid's General Store.
  9927 | D:11     | Found Viohait's Assorted Antiques.
  9935 | D:11     | Bought a scroll labeled OFYAXK OMOTOCK for 32 gold pieces
  9948 | D:11     | Reached skill level 11 in Axes
 10429 | D:11     | Noticed Harold
 10445 | D:11     | Killed Harold
 10445 | D:11     | Reached skill level 12 in Axes
 10664 | D:11     | Found Fefradoe's Magic Scroll Shop.
 10882 | D:12     | Noticed TuxedoFelix's ghost (journeyman MiBe)
 11033 | D:12     | Noticed Nico3ck's ghost (journeyman MiBe)
 11131 | Lair:1   | Entered Level 1 of the Lair of Beasts
 11131 | Lair:1   | Noticed a seven-headed hydra
 11132 | Lair:1   | yuck
 11137 | Lair:1   | Killed a seven-headed hydra
 11137 | Lair:1   | Reached skill level 13 in Axes
 11219 | Lair:1   | Reached XP level 12. HP: 83/83 MP: 12/12
 11529 | Lair:1   | Reached ****** piety under Trog
 11617 | Lair:1   | Received a gift from Trog
 11777 | Lair:1   | Reached skill level 5 in Fighting
 11850 | Lair:2   | Found a hole to the Spider Nest.
 11917 | Lair:2   | Noticed a seven-headed hydra
 11925 | Lair:2   | Killed a seven-headed hydra
 11925 | Lair:2   | Reached skill level 14 in Axes
 11990 | Lair:2   | Reached skill level 5 in Armour
 13100 | Lair:3   | Noticed Urug
 13115 | Lair:3   | Gained mutation: You can hop longer distances. [Barachian growth]
 13115 | Lair:3   | Reached XP level 13. HP: 59/95 MP: 13/13
 13123 | Lair:3   | Killed Urug
 13250 | Lair:3   | Found a staircase to the Swamp.
 13429 | Lair:3   | Received a gift from Trog
 13483 | Lair:3   | Reached skill level 15 in Axes
 13901 | Lair:3   | Noticed a fire dragon
 13919 | Lair:3   | Killed a fire dragon
 13966 | Lair:3   | Got a distressingly furry chain mail
 13988 | Lair:3   | Identified the +6 chain mail of Repulsion {rN+++} (You found it on level 3 of the Lair of Beasts)
 14107 | Lair:4   | Noticed Sonja
 14112 | Lair:4   | Killed Sonja
 14995 | Lair:5   | Found a staircase to the Slime Pits.
 15056 | Lair:5   | Received a gift from Trog
 15897 | Lair:6   | Entered Level 6 of the Lair of Beasts
 15910 | Lair:5   | Reached skill level 16 in Axes
 16171 | Lair:6   | Reached XP level 14. HP: 85/108 MP: 14/14
 16280 | Lair:6   | Found a frozen archway.
 16304 | IceCv    | Entered an ice cave
 18057 | Lair:6   | Found a burning altar of Makhleb.
 18066 | Lair:6   | Reached skill level 10 in Fighting
 18087 | Lair:6   | HP: 1/110 [hell beast (5)]
 18088 | Lair:6   | Succumbed to an orange demon's poison

Vault maps used:
D:1:      lemuel_arrival_rhombus, minmay_tiny_reverse_x
D:2:      first_bread, minmay_octomino_c4
D:5:      serial_shops, shop, shop_statue, nicolae_shop_stone
D:7:      minmay_temple_entry_mist, basic_altar
D:8:      lair_entry_dummy, nicolae_ossuary_entry_monument,
          hangedman_little_slice_of_home, uniq_joseph
D:9:      serial_gnoll_camp, gnoll_camp_mini_basic, gnoll_camp_mini_shop,
          gnoll_camp_mini_house, gnoll_camp_mini_basic
D:11:     serial_shops, shop, nicolae_shop_temple_entry_statues_fountains, shop,
          uniq_harold
D:12:     david_orc_4
Lair:1:   infiniplex_staircase_pool
Lair:2:   spider_nest_entry_web_field
Lair:3:   dragon1_lemuel, minmay_swamp_entry_worms, beast_lair_carwin_4,
          lemuel_fruit_fields, uniq_urug
Lair:4:   uniq_sonja
Lair:5:   minmay_slime_entry_pillars, dpeg_oklob_1, infiniplex_staircase_pool_2
Lair:6:   evil_forest, portal_ice_cave_demonic_guard
Ossuary:  ossuary_tomb_2
IceCv:    ice_cave_small_dragons

Skill      XL: |  1  2  3  4  5  6  7  8  9 10 11 12 13 14 |
---------------+-------------------------------------------+-----
Axes           | 4 5 6 7 9 13 14 16 | 16.9
Slings         | 2 5 8 11 12 | 12.0
Fighting       | 6 9 10 | 10.1
Armour         | 6 8 9 |  9.7
Dodging        | |  2.0

Action                   |  1- 3 |  4- 6 |  7- 9 | 10-12 | 13-15 || total
-------------------------+-------+-------+-------+-------+-------++-------
Melee: Hand axe          |   113 |   131 |       |       |       ||   244
       War axe           |       |    74 |       |    43 |    11 ||   128
       Executioner's axe |       |       |       |       |    83 ||    83
 Fire: Hunting sling     |       |    16 |   266 |   903 |   644 ||  1829
Invok: Berserk           |     2 |     3 |       |     3 |     5 ||    13
       Burn Spellbooks   |       |     1 |     2 |     2 |     2 ||     7
 Abil: Hop               |       |       |       |     4 |     6 ||    10
Evoke: Wand              |       |       |       |     5 |     3 ||     8
  Use: Potion            |       |     3 |     1 |     1 |     1 ||     6
       Scroll            |       |       |    14 |    12 |    12 ||    38
 Stab: Invisible         |       |     1 |       |       |       ||     1
  Eat: Chunk             |     4 |    13 |    12 |    21 |    20 ||    70
Armor: Animal skin       |    44 |    27 |       |       |       ||    71
       Ring mail         |       |    34 |    14 |     9 |       ||    57
       Chain mail        |       |       |       |   133 |   192 ||   325
Dodge: Dodged            |   108 |   134 |    20 |    92 |   112 ||   466
